cohdb
Replays
Latest Replays
All Replays
Popular Replays
Top Player Replays
Match Explorer
How It Works
Community
CoH3 Stats
Reddit
Sign in to upload your games and track your stats! →
Sign in with Steam
Match 45159000
Unlisted
Match 45159000
Overview
Messages
Build Orders
End
Panzergrenadier Squad
Selects Panzerjäger Kommand Battlegroup
250 Light Carrier
Panzergrenadier Squad
Construct Light Support Kompanie
2.5-tonne Medical Truck
Panzerjäger Squad
Selects Tank Busters
Combat Half-tracks
Assault Mechanized Group
Fire Support Elements
Veteran Squad Leaders
Construct Panzerarmee Kommand
Panzerjäger Squad
Selects Blockade Equipment
Selects Defensive Positions
Walking Stuka Rocket Launcher
Selects Butterfly Bomb Drop
Panzerjäger Squad
Armored Reserves
Selects Crew Shock Tactics
Tiger Heavy Tank
Panzerjäger Squad
Emergency Repair Kits
littlemf
Chloe Price
Lun4_Nov4
番茄
3+++
XuZhongwei
DonkeyPuncher42
smith.mitchell32
0
0
Comments
sign in to comment!
No comments posted yet!